 Dungeon Crawl Stone Soup version 0.27-a0-1105-g946c659c87 (webtiles) character file.

Game seed: 14402347409087399942

126 kae the Skirmisher (level 4, -9/35 HPs)
             Began as a Demonspawn Abyssal Knight on Apr 29, 2021.
             Was a Believer of Lugonu.
             Mangled by an ogre
             ... wielding a +0 giant spiked club
              (17 damage)
             ... on level 4 of the Dungeon.
             The game lasted 00:01:49 (3585 turns).

kae the Skirmisher (Demonspawn Abyssal Knight)      Turns: 3585, Time: 00:01:50

Health: -9/35      AC:  6    Str: 14    XL:     4   Next: 83%
Magic:  6/6        EV: 11    Int: 13    God:    Lugonu [**....]
Gold:   155        SH:  0    Dex: 12    Spells: 3/3 levels left

rFire    . . .     SeeInvis .   a - +2 falchion (drain)
rCold    . . .     Faith    .   (no shield)
rNeg     . . .     Spirit   .   b - +1 leather armour
rPois    .         Reflect  .   (no helmet)
rElec    .         Harm     .   (no cloak)
rCorr    .         Rampage  .   (no gloves)
Will     .....                  (no boots)
Stlth    +.........             (no amulet)
HPRegen  0.11/turn              (no ring)
MPRegen  0.10/turn              (no ring)

@: no status effects
A: slimy green scales 1
a: Renounce Religion, Depart the Abyss, Bend Space


You were on level 4 of the Dungeon.
You worshipped Lugonu.
Lugonu was pleased with you.
You visited 1 branch of the dungeon, and saw 4 of its levels.
You visited the Abyss 1 time.

You collected 155 gold pieces.

Inventory:

Hand Weapons
 a - a +2 falchion of draining (weapon)
Armour
 b - a +1 leather armour (worn)
Jewellery
 i - a ring of wizardry
Scrolls
 d - a scroll of amnesia
Potions
 c - a potion of flight
 e - a potion of degeneration
 f - 3 potions of curing
 g - a potion of brilliance {unknown}
 j - a potion of might {unknown}
 k - 2 potions of heal wounds {unknown}
 l - 2 potions of invisibility {unknown}


   Skills:
 + Level 3.5 Fighting
 * Level 3.2 Long Blades
 + Level 2.4 Armour
 - Level 1.2 Dodging
 + Level 3.5 Invocations


You had 3 spell levels left.
You didn't know any spells.
Your spell library was empty.

Dungeon Overview and Level Annotations

Branches:
Dungeon (4/15)
 Temple: D:4-7

Altars:


Innate Abilities, Weirdness & Mutations

You are partially covered in slimy green scales. (AC +2)


Message History

You hit the jelly. You drain the jelly.
Your hands burn!
The jelly is moderately wounded.
The jelly hits you.
You are splashed with acid!
You hit the jelly. You drain the jelly.
Your hands burn!
The jelly is severely wounded.
The jelly closely misses you.
You hit the jelly.
Your hands burn!
The jelly is almost dead.
The jelly hits you but does no damage.
You hit the jelly. You drain the jelly.
You kill the jelly!
Lugonu accepts your kill.
There is a stone staircase leading up here.
HP restored.
An ogre comes into view. It is wielding a +0 giant spiked club.
The ogre shouts!
An ogre is nearby!
An ogre is nearby!
An ogre is nearby!
You hit the ogre. You drain the ogre.
The ogre is lightly wounded.
The ogre hits you with a +0 giant spiked club!!
Ouch! That really hurt!
You slash the ogre!
The ogre is heavily wounded.
The ogre barely misses you.
You hit the ogre. You drain the ogre.
The ogre is severely wounded.
The ogre hits you with a +0 giant spiked club.
* * * LOW HITPOINT WARNING * * *
You see here 9 gold pieces.
You hit the ogre.
The ogre is almost dead.
The ogre misses you.
You barely miss the ogre.
The ogre is almost dead.
You barely miss the ogre.
The ogre is almost dead.
The ogre hits you with a +0 giant spiked club!
You die...

###### ##....##
#......#
#......#
#....O@#
####..##########
##..##..#....#
#............#
#............#
#......<.....#
#............#
#............#
#............+


You could see an ogre (drained).

Vanquished Creatures
  A jelly (D:4)
  3 adders
  A worm (D:2)
  5 orcs (D:3)
  3 endoplasms
  4 giant cockroaches
  8 goblins
  3 hobgoblins (D:2)
  4 jackals (D:2)
  4 quokkas
  6 ball pythons
  2 bats
  7 frilled lizards
  4 kobolds
  2 rats
57 creatures vanquished.

Notes
Turn   | Place    | Note
-------+----------+-------------------------------------------
     0 | Abyss:1  | kae the Demonspawn Abyssal Knight began the quest for the
                  | Orb.
     0 | Abyss:1  | Reached XP level 1. HP: 18/18 MP: 2/2
    61 | Abyss:2  | Noticed a small abomination
    61 | D:1      | Escaped the Abyss
   171 | D:1      | Reached skill level 1 in Dodging
   365 | D:1      | Found a faded altar of an unknown god.
   548 | D:1      | Reached * piety under Lugonu
   553 | D:1      | Gained mutation: You are partially covered in slimy green
                  | scales. (AC +2) [demonic ancestry]
   553 | D:1      | Reached XP level 2. HP: 20/24 MP: 4/4
  1136 | D:2      | Reached XP level 3. HP: 15/29 MP: 5/5
  2460 | D:3      | Reached ** piety under Lugonu
  2461 | D:3      | Reached XP level 4. HP: 10/35 MP: 6/6
  3576 | D:4      | Noticed an ogre
  3585 | D:4      | Mangled by an ogre

Illustrated notes

Levels and vault maps discovered:
D:1:      dpeg_arrival_rooms_b, layout_loops_ring,
          shapermc_ecumenical_altar_mp_highgroup
D:2:      kennysheep_big_flooded_room, layout_basic
D:3:      layout_rooms, serial_curves, eino_curves_03, eino_curves_03
D:4:      layout_gridville, minmay_misc_feat_rows, uniq_natasha

Skill      XL: |  1  2  3  4 |
---------------+-------------+-----
Dodging        | 1 |  1.2
Long Blades    | 2 3 |  3.2
Armour         | 2 |  2.4
Invocations    | 3 |  3.5
Fighting       | |  3.5

Action                   |  1- 3 |  4- 6 || total
-------------------------+-------+-------++-------
Melee: Falchion          |   113 |    55 ||   168
Invok: Depart the Abyss  |     1 |       ||     1
  Use: Scroll            |     7 |     3 ||    10
 Stab: Sleeping          |     1 |       ||     1
Armor: Leather armour    |    51 |    14 ||    65
Dodge: Dodged            |    63 |    41 ||   104
       Rpst.: Falchion   |    23 |    10 ||    33

Table legend: (Time is in decaauts)
 A = Elapsed time spent in this place.
 B = Non-inter-level travel time spent in this place.
 C = Inter-level travel time spent in this place.
 D = Time resting spent in this place.
 E = Time spent auto-exploring this place.
 F = Levels seen in this place.
 G = Mean time per level.
                   A        B        C        D        E       F      G
               +--------+--------+--------+--------+--------+-----+--------+
         Total |   3613 |   3566 |     47 |    308 |   2828 |   6 |  602.2 |
       Dungeon |   3552 |   3505 |     47 |    308 |   2825 |   4 |  888.0 |
         Abyss |     60 |     60 |      0 |      0 |      3 |   2 |   30.0 |
               +--------+--------+--------+--------+--------+-----+--------+

Top non-repeatable levels by time:
     D:2: 1415 daAuts
     D:3: 1120 daAuts
     D:1: 864 daAuts
     D:4: 152 daAuts
 Abyss:2: 32 daAuts
 Abyss:1: 28 daAuts
